 Dungeon Crawl Stone Soup version 0.28-a0-178-ga708605c5b (webtiles) character file.

Game seed: 15246418436837211349

111 riscky the Chopper (level 4, -1/40 HPs)
             Began as a Draconian Berserker on Aug 17, 2021.
             Was a Believer of Trog.
             Succumbed to a scorpion's poison
             ... on level 4 of the Dungeon.
             The game lasted 00:10:01 (1795 turns).

riscky the Chopper (Draconian Berserker)            Turns: 1795, Time: 00:10:01

Health: -1/40      AC:  5    Str: 20    XL:     4   Next: 62%
Magic:  4/4        EV: 12    Int:  8    God:    Trog [**....]
Gold:   118        SH:  0    Dex: 10    Spells: 3/3 levels left

rFire   . . .      SeeInvis .   a - +0 hand axe
rCold   . . .      Faith    .   (no shield)
rNeg    . . .      Spirit   .   (armour unavailable)
rPois   .          Reflect  .   (helmet restricted)
rElec   .          Harm     .   (no cloak)
rCorr   .          Rampage  .   (no gloves)
Will    .....                   (no boots)
Stlth   +.........              (no amulet)
HPRegen 0.13/turn               (no ring)
MPRegen 0.09/turn               (no ring)

@: lethally poisoned (-1 -> -9)
A: AC +5, unfitting armour, cold-blooded
a: Renounce Religion, Berserk, Trog's Hand


You were on level 4 of the Dungeon.
You worshipped Trog.
Trog was pleased with you.
You visited 1 branch of the dungeon, and saw 4 of its levels.

You collected 118 gold pieces.

Inventory:

Hand Weapons
 a - a +0 hand axe (weapon)
 c - a +0 club
 d - a +0 dagger
 e - a +0 short sword of venom
 j - a +0 dagger
 k - a +0 short sword
 l - a +0 club
 m - a +0 dagger
 p - a +0 whip
 r - a +0 flail
 t - a +0 flail
 u - a +0 short sword
 w - a +0 hand axe
 y - a +0 mace
 A - a +0 dagger
 B - a +0 club
 E - a +0 dagger
 J - a +0 mace
Missiles
 b - 58 stones (quivered)
Armour
 f - a +0 scale mail
 s - a +0 leather armour
 v - a +0 leather armour
 x - a +0 ring mail
 z - a +0 pair of gloves
 D - a +0 robe
 H - a +0 leather armour
Jewellery
 h - an amulet of regeneration
Scrolls
 n - 2 scrolls of identify {unknown}
 I - a scroll of blinking {unknown}
Potions
 g - a potion of haste {unknown}
 i - a potion of cancellation {unknown}
 o - a potion of resistance {unknown}
 q - a potion of lignification {unknown}
 C - a potion of heal wounds {unknown}
 F - a potion of brilliance {unknown}
 G - a potion of might {unknown}


   Skills:
 + Level 4.1 Fighting
 + Level 4.4 Axes
 + Level 3.3 Dodging


You had 3 spell levels left.
You didn't know any spells.
Your spell library was empty.

Dungeon Overview and Level Annotations

Branches:
Dungeon (4/15)
 Temple: D:4-7

Altars:
Cheibriados
Fedhas
Nemelex Xobeh
Wu Jian


Innate Abilities, Weirdness & Mutations

Your plain brown scales are hard. (AC +5)
You cannot fit into any form of body armour.
You are cold-blooded and may be slowed by cold attacks.


Message History

You completely miss the endoplasm. The goblin misses you.
The endoplasm freezes you.
You are frozen.
You barely miss the goblin.
Your tail-slap misses the goblin.
The goblin is severely wounded.
You hit the endoplasm.
You kill the endoplasm!
Trog accepts your kill. The goblin hits you but does no damage.
The scorpion stings you!
You are poisoned.
The scorpion poisons you! The goblin hits you but does no damage.
You closely miss the goblin.
The goblin is severely wounded.
You hit the scorpion but do no damage.
You feel very sick. The scorpion stings you.
The goblin hits you with a +0 club.
You hit the goblin.
You kill the goblin!
Trog accepts your kill.
You hit the scorpion.
You feel sick. The scorpion stings you.
You feel sick.
The scorpion stings you but does no damage.
You feel sick.
You feel sick.
You slash the scorpion!
The scorpion is heavily wounded.
You feel sick. The scorpion stings you.
* * * LOW HITPOINT WARNING * * *
You slash the scorpion!
Your tail-slap misses the scorpion.
The scorpion is almost dead.
You feel sick.
You are no longer poisoned.
The scorpion closely misses you. The scorpion stings you.
* * * LOW HITPOINT WARNING * * *
You are lethally poisoned!
The scorpion poisons you!
Keep equipping yourself? [Y]es or [N]o only, please.
Keep equipping yourself?
You die...

................#
................#.
...............<..
.................#
.....†.......###+#
.........######..#
........## #gg#
.........############
................@s..#
.........##########).......
.........# .........
..........# .........$
........#... ...........
.......#####. #...##.####.
......## # ###. .# .#.####
.. ..


You could see a scorpion and 2 hobgoblins.

Vanquished Creatures
  An orc priest (D:3)
  3 adders
  A worm (D:3)
  A dart slug (D:1)
  4 orcs
  3 ball pythons
  An endoplasm (D:4)
  3 giant cockroaches
  6 goblins
  7 hobgoblins
  5 jackals (D:1)
  A bat (D:2)
  2 frilled lizards
  2 kobolds (D:1)
  3 rats (D:3)
43 creatures vanquished.

Notes
Turn   | Place    | Note
-------+----------+-------------------------------------------
     0 | D:1      | riscky the Draconian Berserker began the quest for the Orb.
     0 | D:1      | Reached XP level 1. HP: 19/19 MP: 1/1
   230 | D:1      | Reached XP level 2. HP: 17/26 MP: 2/2
   428 | D:1      | Found a faded altar of an unknown god.
   978 | D:2      | Reached XP level 3. HP: 30/33 MP: 3/3
   998 | D:3      | Found a snail-covered altar of Cheibriados.
   998 | D:3      | Found a blossoming altar of Fedhas.
   998 | D:3      | Found a sparkling altar of Nemelex Xobeh.
   998 | D:3      | Found an ornate altar of the Wu Jian Council.
  1031 | D:3      | Reached ** piety under Trog
  1170 | D:3      | Reached XP level 4. HP: 35/40 MP: 4/4
  1782 | D:4      | Noticed a scorpion
  1794 | D:4      | HP: 1/40 [scorpion (5)]
  1795 | D:4      | Succumbed to a scorpion's poison

Illustrated notes

Levels and vault maps discovered:
D:1:      amcnicky_arrival_choice, layout_rooms,
          hellmonk_ecumenical_altar_arch_garden
D:2:      layout_loops_corners, minmay_joined_circles
D:3:      layout_loops_cross, overflow_temple_1_default,
          chequers_temple_overflow_statue_of_worship
D:4:      layout_rooms, minmay_misc_feat_five, corexii_checkpoint_a

Skill      XL: |  1  2  3  4 |
---------------+-------------+-----
Dodging        | 3 |  3.3
Axes           | 4 |  4.4
Fighting       | 4 |  4.1

Action                   |  1- 3 |  4- 6 || total
-------------------------+-------+-------++-------
Melee: Hand axe          |    93 |    63 ||   156
       Tailslap          |     8 |     6 ||    14
Armor: Skin              |    36 |    23 ||    59
Dodge: Dodged            |    62 |    36 ||    98

Table legend: (Time is in decaauts)
 A = Elapsed time spent in this place.
 B = Non-inter-level travel time spent in this place.
 C = Inter-level travel time spent in this place.
 D = Time resting spent in this place.
 E = Time spent auto-exploring this place.
 F = Levels seen in this place.
 G = Mean time per level.
                   A        B        C        D        E       F      G
               +--------+--------+--------+--------+--------+-----+--------+
         Total |   1813 |   1789 |     24 |    394 |      0 |   4 |  453.2 |
       Dungeon |   1813 |   1789 |     24 |    394 |      0 |   4 |  453.2 |
               +--------+--------+--------+--------+--------+-----+--------+

Top non-repeatable levels by time:
     D:1: 827 daAuts
     D:3: 712 daAuts
     D:2: 180 daAuts
     D:4: 93 daAuts
